 Dungeon Crawl Stone Soup version 0.29.1-2-gbd0b4ee654 (webtiles) character file.

Game seed: 11386487672034145067

218 pacmanke6689 the Slasher (level 6, -6/47 HPs)
             Began as a Human Fighter on Oct 27, 2022.
             Killed by divine providence
             ... invoked by an orc priest
              (14 damage)
             ... on level 4 of the Dungeon.
             The game lasted 00:05:49 (3800 turns).

pacmanke6689 the Slasher (Human Fighter)            Turns: 3800, Time: 00:05:50

Health: -6/47      AC:  7    Str: 19    XL:     6   Next: 17%
Magic:  6/6        EV:  9    Int:  8    God:
Gold:   153        SH:  5    Dex: 12    Spells: 5/5 levels left

rFire   . . .      SeeInvis .   a - +0 long sword
rCold   . . .      Faith    .   c - +0 buckler
rNeg    . . .      Spirit   .   b - +0 scale mail
rPois   .          Reflect  .   (no helmet)
rElec   .          Harm     .   (no cloak)
rCorr   .          Rampage  .   (no gloves)
Will    .....                   (no boots)
Stlth   ..........              (no amulet)
HPRegen 0.15/turn               (no ring)
MPRegen 0.10/turn               (no ring)

@: no status effects
A: no striking features
a: no special abilities


You were on level 4 of the Dungeon.
You visited 1 branch of the dungeon, and saw 4 of its levels.

You collected 153 gold pieces.

Inventory:

Hand Weapons
 a - a +0 long sword (weapon)
Armour
 b - a +0 scale mail (worn)
 c - a +0 buckler (worn)
Wands
 n - a wand of digging (5)
Scrolls
 g - 2 scrolls of identify
 i - a scroll of immolation
Potions
 d - a potion of heal wounds
 e - a potion of brilliance {unknown}
 f - a potion of attraction
 h - 2 potions of curing {unknown}
 j - 3 potions of flight {unknown}


   Skills:
 + Level 3.5 Fighting
 + Level 4.3 Long Blades
 + Level 3.7 Armour
 + Level 0.8 Dodging
 + Level 3.9 Shields


You had 5 spell levels left.
You didn't know any spells.
Your spell library contained the following spells:

 Spells                   Type           Power      Damage    Failure   Level
 Freeze                   Ice            0%         1d3       86%         1
 Frozen Ramparts          Ice            0%         1d1       99%         3
 Hailstorm                Conj/Ice       0%         3d3       100%        4


Dungeon Overview and Level Annotations

Branches:
Dungeon (4/15)
 Temple: D:4-7

Altars:


Message History

The orc priest barely misses you.
The orc priest casts a cantrip, but nothing happens.
You slash the orc priest!
The orc priest is heavily wounded.
The orc priest miscasts a cantrip.
The orc priest barely misses you. The orc closely misses you.
You closely miss the orc priest.
The orc priest is heavily wounded.
You block the orc's attack.
The orc priest hits you but does no damage. x2
You hit the orc priest but do no damage.
The orc priest is heavily wounded.
The orc barely misses you. The orc priest hits you with a +0 mace.
The orc priest calls down the wrath of Beogh upon you.
Pain shoots through your body!
You hit the orc priest but do no damage.
The orc priest is heavily wounded.
The orc hits you but does no damage.
The orc priest hits you but does no damage.
The orc priest barely misses you.
You closely miss the orc priest.
The orc priest is heavily wounded.
The orc barely misses you. The orc priest hits you with a +0 mace.
The orc priest hits you with a +0 flail.
The orc barely misses you.
The orc priest casts a cantrip, but nothing happens.
The orc priest hits you with a +0 mace!
You hit the orc priest.
The orc priest is severely wounded.
The orc hits you with a +0 hand axe.
* * * LOW HITPOINT WARNING * * *
The orc priest hits you but does no damage.
The orc priest hits you with a +0 flail.
* * * LOW HITPOINT WARNING * * *
You slash the orc!
You kill the orc!
The orc priest hits you but does no damage.
The orc priest mumbles some strange prayers to Beogh against you.
Beogh smites you!
You die...

##...# ####...# ###....#
##......## ##...#..# ###
#.....#..## ...###.(#
#..##...####..###### ..##
#.># #...#..# #.......# .##
#..# ##..... #......## .#
##.# ##.....# ##......# .#
#.###.....o## ##....##.#
.###.....#.....)@.###..####
#.#
.....####....####o....##
#.. .....# # #..>....# .
.....# #.......## ......#
.......<..# .......
...........# ...###.
...........## ...#
...........# ...#
#..#####.?..


You could see 2 orc priests.

Vanquished Creatures
  Natasha (thrice) (D:3)
  6 adders
  A worm (D:2)
  2 dart slugs
  9 orcs
  5 bats
  7 endoplasms
  2 giant cockroaches
  9 goblins
  5 hobgoblins
  4 jackals
  A quokka (D:3)
  6 ball pythons
  6 frilled lizards
  4 kobolds
  5 rats
75 creatures vanquished.

Notes
Turn   | Place    | Note
-------+----------+-------------------------------------------
     0 | D:1      | pacmanke6689 the Human Fighter began the quest for the Orb.
     0 | D:1      | Reached XP level 1. HP: 18/18 MP: 1/1
   191 | D:1      | Reached XP level 2. HP: 24/24 MP: 2/2
   778 | D:2      | Reached XP level 3. HP: 29/29 MP: 3/3
   948 | D:2      | Reached XP level 4. HP: 27/35 MP: 4/4
  1082 | D:2      | Reached skill level 3 in Long Blades
  2203 | D:3      | Reached XP level 5. HP: 41/41 MP: 5/5
  2361 | D:3      | Noticed Natasha
  2376 | D:3      | Killed Natasha
  2377 | D:3      | Reached skill level 4 in Long Blades
  2648 | D:3      | Noticed Natasha
  2661 | D:3      | Killed Natasha
  2685 | D:3      | Noticed Natasha
  2694 | D:3      | HP: 2/41 [Natasha (3)]
  2695 | D:3      | Killed Natasha
  2696 | D:3      | Reached XP level 6. HP: 2/47 MP: 6/6
  3800 | D:4      | Killed from afar by an orc priest

Illustrated notes

Levels and vault maps discovered:
D:1:      heliophobic_arrival_enchanted_forest, layout_basic, minmay_bisected
D:2:      minmay_skewed_foursquare, layout_basic
D:3:      minmay_general_purpose_star, layout_basic, uniq_natasha
D:4:      layout_layer_cave, portal_sewer_entry_e, uniq_ijyb

Skill      XL: |  1  2  3  4  5 |
---------------+----------------+-----
Long Blades    | 3 4 |  4.3
Fighting       | |  3.5
Armour         | |  3.7
Dodging        | |  0.8
Shields        | |  3.9

Action                   |  1- 3 |  4- 6 || total
-------------------------+-------+-------++-------
Melee: Long sword        |    77 |   218 ||   295
  Use: Scroll            |       |    10 ||    10
       Potion            |       |     1 ||     1
Armor: Scale mail        |    42 |    93 ||   135
Dodge: Dodged            |    48 |   107 ||   155
Block: Buckler           |    29 |    57 ||    86
